 Dungeon Sprint DCSS version 0.27.1-1-g398f81649c (webtiles) character file.

Game seed: 2255708500713158622

120 boopmooplesden the Blocker (level 8, -1/80 HPs)
             Began as a Minotaur Fighter on Sept 21, 2021.
             Was a Believer of Okawaru.
             Slain by a seven-headed hydra (3 damage)
             ... summoned by a witch
             ... in the Dungeon (Sprint VI: "Thunderdome").
             The game lasted 00:04:43 (612 turns).

boopmooplesden the Blocker (Minotaur Fighter)        Turns: 612, Time: 00:04:44

Health: -1/80      AC: 13    Str: 26    XL:     8   Next: 3%
Magic:  6/7        EV: 11    Int: 11    God:    Okawaru [**....]
Gold:   92         SH: 14    Dex:  5    Spells: 7/7 levels left

rFire    + . .     SeeInvis +   q - +4 hand axe
rCold    . . .     Faith    .   c - +0 kite shield
rNeg     + + .     Spirit   .   b - +0 scale mail
rPois    .         Reflect  .   (helmet restricted)
rElec    .         Harm     .   r - +0 cloak
rCorr    .         Rampage  .   t - +0 pair of gloves
Will     +....     NoTele   +   (no boots)
Stlth    +.........             p - amulet "Wimmotil" {RegenMP rC+}
HPRegen  0.23/turn              d - ring of Wonder {Fly Str-2 Int+6 SInv}
MPRegen  0.35/turn              s - ring "Woqyoshru" {Fire rN++ Will+ Str+4 Dex-4}

@: heroic, flying
A: horns 2, retaliatory headbutt
a: Renounce Religion, Heroism


You were in the Dungeon.
You worshipped Okawaru.
Okawaru was pleased with you.
You visited 1 branch You collected 380 gold pieces.
You spent 288 gold pieces at shops.

Inventory:

Hand Weapons
 a - a +0 war axe
 q - a +4 hand axe (weapon)
Armour
 b - a +0 scale mail (worn)
 c - a +0 kite shield (worn)
 r - a +0 cloak (worn)
 t - a +0 pair of gloves (worn)
Jewellery
 d - the ring of Wonder (left hand) {Fly Str-2 Int+6 SInv}
   (You bought it in a shop in the Dungeon)

   [ring of see invisible]

   Str:       It affects your strength (-2).
   Int:       It affects your intelligence (+6).
   SInv:      It lets you see invisible.
   Fly:       It grants you flight.
 o - the ring of Edoedaze {rF++ rC+ Str-5 SInv}
   (You bought it in a shop in the Dungeon)

   [ring of see invisible]

   Str:       It affects your strength (-5).
   rF:        It greatly protects you from fire.
   rC:        It protects you from cold.
   SInv:      It lets you see invisible.
 p - the amulet "Wimmotil" (around neck) {RegenMP rC+}
   (You bought it in a shop in the Dungeon)

   [amulet of magic regeneration]

   It increases your rate of magic regeneration.
   rC:        It protects you from cold.
 s - the ring "Woqyoshru" (right hand) {Fire rN++ Will+ Str+4 Dex-4}
   (You bought it in a shop in the Dungeon)

   [ring of fire]

   It enhances your fire magic.
   Str:       It affects your strength (+4).
   Dex:       It affects your dexterity (-4).
   rF:        It protects you from fire.
   rC:        It makes you vulnerable to cold.
   rN:        It greatly protects you from negative energy.
   Will:      It increases your willpower.
Wands
 l - a wand of acid (5)
 m - a wand of iceblast (5)
Scrolls
 j - 4 scrolls of blinking
 n - 3 scrolls of fog
Potions
 e - a potion of curing
 f - 4 potions of heal wounds
 g - 4 potions of haste
 h - 2 potions of magic
 i - a potion of berserk rage
 k - 4 potions of resistance


   Skills:
 + Level 10.5(15.5) Fighting
 + Level 9.2(14.2) Axes
 + Level 10.9(15.9) Armour
 + Level 3.9(8.9) Dodging
 + Level 0.7(5.7) Stealth
 + Level 12.0(17.0) Shields


You had 7 spell levels left.
You didn't know any spells.
Your spell library was empty.

Dungeon Overview and Level Annotations

Branches:
Dungeon (1/1)

Altars:
Cheibriados
Dithmenos
Fedhas
Gozag
Kikubaaqudgha
Makhleb
Okawaru
Qazlal
Ru
Sif Muna
Trog
Uskayaw
Vehumet
Wu Jian
Xom
Yredelemnul
Zin
The Shining One
Beogh
Jiyva
Lugonu

Shops:
D *[??*?*:[((!!!!

Annotations:
D exclusion: lightning spire


Innate Abilities, Weirdness & Mutations

You have a pair of horns on your head.
You reflexively headbutt those who attack you in melee.


Message History

Really fly into a travel-excluded area? [Y]es or [N]o only, please.
Really fly into a travel-excluded area? [Y]es or [N]o only, please.
Really fly into a travel-excluded area?
Okay, then.
Get ready!
ROUND 5!
BOSS ROUND!
You sense a tension in the west.
You start resting.
A spriggan rider comes into view. It is wielding a +0 spear.
The spriggan rider shouts!
You hear a shout!
A witch comes into view. It is wielding a +0 dagger.
The witch shouts!
You gain the combat prowess of a mighty hero.
The spriggan rider hits you from afar with a +0 spear!
The spriggan rider hits you with a +0 spear.
You miss the spriggan rider. You block the spriggan rider's attack.
You closely miss the spriggan rider.
Your headbutt misses the spriggan rider.
You slash the spriggan rider! You headbutt the spriggan rider!
The spriggan rider is moderately wounded.
The witch mumbles some strange words.
A six-headed hydra appears.
You block the spriggan rider's attack.
You closely miss the spriggan rider.
The spriggan rider is moderately wounded.
You chop one of the six-headed hydra's heads off!
The five-headed hydra grows two more!
You hit the seven-headed hydra. You hit the spriggan rider.
You headbutt the spriggan rider!
The spriggan rider is heavily wounded.
You completely miss the seven-headed hydra.
The spriggan rider hits you with a +0 spear!!
* * * LOW HITPOINT WARNING * * *
The seven-headed hydra bites you.
* * * LOW HITPOINT WARNING * * *
You block the seven-headed hydra's attack.
The seven-headed hydra closely misses you.
You block the seven-headed hydra's attack.
The seven-headed hydra bites you.
You die...

##.___......###...[..___∩#
###∩........8.# #.8........∩
##.............###...........
#⌠..........###...###........
#⌠..........# #.<.# #........
#⌠.....†....###...###.....[..
##.........p...###...........
###∩......iD8.# #.8†.......∩
##∩.__...@..###......___∩#
######.8.........8.######
#⌠...........⌠#
###.........### #_......._#
#_......._# #_........#
#∩.......∩# ##∩.....∩##


You could see a seven-headed hydra (summoned), a spriggan rider and a witch.

Vanquished Creatures
  Sigmund (D)
  2 steam dragons (D)
  3 sky beasts (D)
  A necrophage (D)
  A wight (D)
  6 vampire bats (D)
  An adder skeleton (D)
  A bat skeleton (D)
  An endoplasm (D)
  A goblin (D)
  A ball python skeleton (D)
  A giant cockroach zombie (D)
  A quokka skeleton (D)
21 creatures vanquished.

Notes
Turn   | Place    | Note
-------+----------+-------------------------------------------
     0 | D        | boopmooplesden the Minotaur Fighter began the quest for the
                  | Orb.
     0 | D        | Reached XP level 1. HP: 19/19 MP: 0/0
     4 | D        | Found a snail-covered altar of Cheibriados.
     4 | D        | Found a glowing silver altar of Zin.
     5 | D        | Found a viscous altar of Jiyva.
     5 | D        | Found a radiant altar of Vehumet.
     5 | D        | Round 1.
     6 | D        | Found an ancient bone altar of Kikubaaqudgha.
     7 | D        | Found a burning altar of Makhleb.
     7 | D        | Found a basalt altar of Yredelemnul.
     7 | D        | Found Cikhlof's Magic Scroll Shop.
     7 | D        | Found Paasebb's Staff Store.
     7 | D        | Noticed Sigmund
     8 | D        | Found an opulent altar of Gozag.
     8 | D        | Found Toic Awu's Magic Scroll Shop.
     8 | D        | Found Syrye's Must-Have Magic.
    19 | D        | Reached skill level 4 in Shields
    29 | D        | Killed Sigmund
    30 | D        | Reached skill level 7 in Shields
    30 | D        | Reached XP level 2. HP: 24/34 MP: 1/1
    30 | D        | Reached XP level 3. HP: 27/39 MP: 2/2
    30 | D        | Reached XP level 4. HP: 33/47 MP: 3/3
    30 | D        | Reached XP level 5. HP: 36/52 MP: 4/4
    35 | D        | Found a shadowy altar of Dithmenos.
    36 | D        | Found an iron altar of Okawaru.
    37 | D        | Found an ornate altar of the Wu Jian Council.
    38 | D        | Found Heclyun's Distillery.
    38 | D        | Found a glowing golden altar of the Shining One.
    38 | D        | Found a hide-covered altar of Uskayaw.
    38 | D        | Found Diohowof's Do-It-Yourself Clinic.
    39 | D        | Found Jurifapp's Distillery.
    39 | D        | Found Qureziu's Bottled Wisdom.
    44 | D        | Became a worshipper of Warmaster Okawaru
    49 | D        | Found a corrupted altar of Lugonu.
    50 | D        | Found a sacrificial altar of Ru.
    52 | D        | Found a shimmering altar of Xom.
    52 | D        | Found a stormy altar of Qazlal.
    52 | D        | Found a blossoming altar of Fedhas.
    52 | D        | Found Efast's Weapon Rack.
    52 | D        | Found Dair's Premium Goods.
    53 | D        | Found Ricim's Basic Armour.
    53 | D        | Found Pubosijeng's Miscellaneous Merchandise.
    56 | D        | Found a shimmering blue altar of Sif Muna.
    57 | D        | Found a bloodstained altar of Trog.
    59 | D        | Found Peixugis's Identification Station.
    60 | D        | Found Tiffiegu's Advanced Armour.
    60 | D        | Found Doxtyqopek's Jewellery.
   110 | D        | Arena points: 5 (+5) [x1]
   124 | D        | Bought a scintillating lapis lazuli ring for 45 gold pieces
   124 | D        | Identified the ring of Wonder {Fly Str-2 Int+6 SInv} (You
                  | bought it in a shop in the Dungeon)
   124 | D        | Bought a pitted turquoise ring for 45 gold pieces
   124 | D        | Identified the ring of Edoedaze {rF++ rC+ Str-5 SInv} (You
                  | bought it in a shop in the Dungeon)
   124 | D        | Bought a bound diamond amulet for 45 gold pieces
   124 | D        | Identified the amulet "Wimmotil" {RegenMP rC+} (You bought
                  | it in a shop in the Dungeon)
   125 | D        | Round 2.
   143 | D        | Noticed a necrophage
   151 | D        | Killed a necrophage
   152 | D        | Reached skill level 5 in Axes
   152 | D        | Reached skill level 8 in Shields
   221 | D        | Reached skill level 9 in Shields
   221 | D        | Reached XP level 6. HP: 54/62 MP: 5/5
   272 | D        | Bought a +0 cloak for 54 gold pieces
   291 | D        | Arena points: 33 (+28) [x2]
   316 | D        | Round 3.
   328 | D        | Reached skill level 1 in Dodging
   334 | D        | Bought a fine silver ring for 45 gold pieces
   334 | D        | Identified the ring "Woqyoshru" {Fire rN++ Will+ Str+4
                  | Dex-4} (You bought it in a shop in the Dungeon)
   342 | D        | Reached skill level 10 in Shields
   342 | D        | Reached * piety under Okawaru
   348 | D        | Reached skill level 10 in Armour
   349 | D        | Arena points: 96 (+63) [x3]
   350 | D        | Reached XP level 7. HP: 69/71 MP: 6/6
   395 | D        | Round 4.
   421 | D        | Bought a +0 pair of gloves for 54 gold pieces
   455 | D        | Reached skill level 10 in Fighting
   465 | D        | Noticed a steam dragon
   474 | D        | Killed a steam dragon
   475 | D        | Reached skill level 11 in Shields
   568 | D        | Noticed a steam dragon
   578 | D        | Killed a steam dragon
   578 | D        | Reached ** piety under Okawaru
   579 | D        | Reached skill level 12 in Shields
   579 | D        | Reached XP level 8. HP: 29/80 MP: 7/7
   579 | D        | Arena points: 120 (+24) [x1]
   594 | D        | Round 5.
   603 | D        | Noticed a spriggan rider
   605 | D        | Noticed a witch
   611 | D        | Noticed a six-headed hydra
   612 | D        | HP: 2/80 [seven-headed hydra[a witch] (4)]
   612 | D        | Slain by a seven-headed hydra

Illustrated notes

Levels and vault maps discovered:
D:        arena_sprint

Skill      XL: |  1  2  3  4  5  6  7 |
---------------+----------------------+-----
Fighting       | 7 8 9 10 | 10.5
Armour         | 7 9 10 | 10.9
Shields        | 7 9 10 12 | 12.0
Axes           | 4 5 7 9 |  9.2
Dodging        | 2 3 |  3.9
Stealth        | |  0.7

Action                   |  1- 3 |  4- 6 |  7- 9 || total
-------------------------+-------+-------+-------++-------
Melee: War axe           |    16 |     9 |       ||    25
       Headbutt          |     1 |     7 |     7 ||    15
       Hand axe          |       |    21 |    46 ||    67
Invok: Heroism           |       |       |     1 ||     1
  Use: Potion            |     1 |       |       ||     1
Armor: Scale mail        |    10 |    12 |    11 ||    33
Dodge: Dodged            |     9 |     9 |     9 ||    27
Block: Kite shield       |     9 |    35 |    21 ||    65
